 Dungeon Crawl Stone Soup version 0.21-a0-140-g479285b (webtiles) character file.

11697 Ordine the Covert (level 11, -3/52 HPs)
             Began as a Spriggan Enchanter on July 20, 2017.
             Was a High Priest of Kikubaaqudgha.
             Slain by a four-headed hydra (5 damage)
             ... on level 1 of the Lair of Beasts.
             The game lasted 00:42:09 (10873 turns).

Ordine the Covert (Spriggan Enchanter)             Turns: 10873, Time: 00:42:09

Health: -3/52      AC:  5    Str:  4    XL:     11   Next: 52%
Magic:  0/25       EV:  4    Int: 16    God:    Kikubaaqudgha [*****.]
Gold:   439        SH:  0    Dex: 20    Spells: 20/28 levels left

rFire    + + +     SeeInvis +   D - +11 rapier "Wunofr Myal" {pierce, rElec rF+++ Int-3 Dex+2}
rCold    . . .     Gourm    .   (shield restricted)
rNeg     + + +     Faith    .   b - +0 robe
rPois    ∞         Spirit   +   (helmet restricted)
rElec    +         Reflect  .   J - scarf {Spirit}
rCorr    .         Harm     .   (gloves unavailable)
MR       +....                  (boots unavailable)
Stlth    +++++.....             M - amulet of magic regeneration
HPRegen  0.17/turn              y - +3 ring of protection
MPRegen  0.44/turn              r - +3 ring of evasion

@: petrified, very quick
A: unfitting armour, see invisible, herbivore 3, speed 3, slow metabolism 2
a: Receive Corpses, Torment, Renounce Religion


You were on level 1 of the Lair of Beasts.
You worshipped Kikubaaqudgha.
Kikubaaqudgha was extremely pleased with you.
You were not hungry.

You visited 3 branches of the dungeon, and saw 12 of its levels.
You also visited: Ossuary.

You collected 439 gold pieces.

Inventory:

Hand Weapons
 s - a +2 dagger of pain
 D - the +11 rapier "Wunofr Myal" (weapon) {pierce, rElec rF+++ Int-3 Dex+2}
   (You found it in an ossuary)

   It inflicts extra damage upon your enemies.
   It affects your intelligence (-3).
   It affects your dexterity (+2).
   It renders you almost immune to fire.
   It insulates you from electricity.
Armour
 b - a +0 robe (worn)
 o - a +2 cloak
 J - a scarf of spirit shield (worn)
Jewellery
 a - an uncursed ring of protection from fire
 g - an uncursed ring of protection from cold
 k - an uncursed ring of resist corrosion
 q - an uncursed ring of protection from magic
 r - a +3 ring of evasion (right hand)
 v - an uncursed ring of protection from cold
 y - a +3 ring of protection (left hand)
 A - an uncursed ring of protection from magic
 M - an amulet of magic regeneration (around neck)
 O - an uncursed amulet of harm {unknown}
Wands
 h - a wand of confusion (20/48)
 K - a wand of disintegration (19/24)
 L - a wand of enslavement (11/24)
Scrolls
 e - 10 scrolls of remove curse
 u - 2 scrolls of magic mapping
 z - 2 scrolls of teleportation
Potions
 i - 6 potions of curing
 j - a potion of resistance
 m - 4 potions of agility
 p - 3 potions of might
 w - a potion of invisibility
 x - a potion of cancellation
 B - a potion of ambrosia
 C - 2 potions of flight
 E - 3 potions of lignification
 F - 2 potions of berserk rage
 G - 2 potions of mutation
 H - a potion of brilliance
 I - a potion of magic
 N - a potion of haste {unknown}
Books
 c - a book of Maledictions

   Spells                             Type                      Level
   a - Corona                         Hexes                        1
   b - Ensorcelled Hibernation        Hexes/Ice                    2
   c - Confuse                        Hexes                        3
   d - Tukima's Dance                 Hexes                        3
   e - Dazzling Spray                 Conjuration/Hexes            3
 n - Kikubaaqudgha's Collected Works on Unholy Magic
   (Kikubaaqudgha gifted it to you on level 5 of the Dungeon)

   Spells                             Type                      Level
   a - Bolt of Draining               Conjuration/Necromancy       5
   b - Agony                          Necromancy                   5
   c - Cigotuvi's Embrace             Necromancy                   5
   d - Dispel Undead                  Necromancy                   5
   e - Death Channel                  Necromancy                   6
 t - Kikubaaqudgha's Grimoire of Stolen Souls
   (Kikubaaqudgha gifted it to you on level 2 of the Dungeon)

   Spells                             Type                      Level
   a - Pain                           Necromancy                   1
   b - Corpse Rot                     Necromancy                   2
   c - Sublimation of Blood           Necromancy                   2
   d - Vampiric Draining              Necromancy                   3
   e - Control Undead                 Necromancy                   4
Comestibles
 d - 11 bread rations
 f - 4 fruits
 l - 11 royal jellies


   Skills:
 * Level 3.5 Fighting
 - Level 8.0 Short Blades
 - Level 8.0 Dodging
 - Level 12.0 Stealth
 - Level 9.0 Spellcasting
 - Level 8.0 Hexes
 + Level 9.3 Necromancy


You had 20 spell levels left.
You knew the following spells:

 Your Spells              Type           Power        Failure   Level  Hunger
a - Corona                Hex            ####...      1%          1    None
b - Ensorcelled Hibernat  Hex/Ice        ###...       3%          2    None
c - Confuse               Hex            ####....     1%          3    #......
d - Sublimation of Blood  Necr           #####.....   1%          2    None


Dungeon Overview and Level Annotations

Branches:
Dungeon (9/15)             Temple (1/1) D:4            Lair (2/6) D:9
  Swamp: Lair:2-4    Shoals: Lair:2-4     Snake: Lair:2-4    Spider: Lair:2-4
    Orc: D:9-12

Altars:
Ashenzari
Cheibriados
Dithmenos
Elyvilon
Fedhas
Gozag
Hepliaklqana
Kikubaaqudgha
Makhleb
Nemelex Xobeh
Okawaru
Qazlal
Ru
Sif Muna
Trog
Uskayaw
Vehumet
Wu Jian
Xom
Yredelemnul
Zin
The Shining One


Innate Abilities, Weirdness & Mutations

You are very small and have problems with some larger weapons.
You are too small for most types of armour.
You have supernaturally acute eyesight. (SInv)
You are a herbivore.
You cover ground extremely quickly.
You need consume almost no food.


Message History

The four-headed hydra bites you. x2
The four-headed hydra bites you but does no damage.
The four-headed hydra bites you!
The four-headed hydra bites you but does no damage.
The four-headed hydra bites you! x2
* * * LOW HITPOINT WARNING * * *
The four-headed hydra bites you. The four-headed hydra bites you!
* * * LOW HITPOINT WARNING * * *
The four-headed hydra barely misses you.
The four-headed hydra bites you!
* * * LOW HITPOINT WARNING * * *
The four-headed hydra bites you!
* * * LOW HITPOINT WARNING * * *
The four-headed hydra bites you but does no damage.
The four-headed hydra bites you.
* * * LOW HITPOINT WARNING * * *
The four-headed hydra bites you!
You die...
Kikubaaqudgha rasps: "You have failed me!
Welcome... oblivion!"

####+#.##.## ###.........# ##
##...#### #....###....####.
##÷##.#### #....##.#.[...#..
#÷÷.÷....# ##...######..⌠..+#
#..÷÷....# #...###.#####..#..
#........###...#......##+##..
#.........##..........##.#...
#........##...#.......##.....
#........##.@............#...
#........##D..........P......
#........###..#.......P###...
##........P###.........###.##.
#.........## #.........# #####
#P........# ##.#..##### #
###.##..### ###.## # ##.....##
#.# #.......##### ##)####
#######


You could see a four-headed hydra.

Vanquished Creatures
  Erica (D:8)
  Sonja (Lair:1)
  2 black mambas (Lair:2)
  A centaur skeleton (D:6)
  3 spiny frogs (Lair:1)
  A komodo dragon (Lair:2)
  A troll (D:9)
  5 blink frogs (Lair:2)
  A human (D:7)
  15 yaks
  4 hogs (D:7)
  Menkaure (D:4)
  A steam dragon (D:9)
  5 water moccasins
  A porcupine (Lair:1)
  A sky beast (D:9)
  4 phantoms
  A necrophage (D:7)
  5 ogres
  2 centaurs
  2 big kobolds
  8 bullfrogs
  2 water moccasin zombies (Ossuary)
  A scorpion (D:6)
  3 wights (D:6)
  2 howler monkeys (D:5)
  The ghost of hexaflexagon the Cudgeler, a weakling TeMo (D:4)
  An electric eel (D:9)
  A crimson imp (D:7)
  A quasit (D:8)
  8 orc priests
  8 orc wizards
  3 hounds
  2 jellies
  Crazy Yiuf (D:2)
  A gnoll shaman (D:5)
  Jessica (D:4)
  3 bullfrog skeletons
  Terence (D:2)
  2 iguanas
  7 worker ants
  A big kobold zombie (Ossuary)
  A hound skeleton (D:7)
  3 mummies
  A worker ant zombie (D:5)
  A howler monkey zombie (D:7)
  Robin (D:2)
  12 gnolls
  11 adders
  3 oozes
  4 adder zombies
  An adder skeleton (D:6)
  2 worms
  3 dart slugs
  5 leopard geckos
  21 orcs
  6 giant cockroaches
  10 goblins
  6 hobgoblins
  4 jackals
  2 quokkas
  A ball python (D:1)
  4 bats (D:1)
  2 frilled lizards
  3 gnoll zombies (Ossuary)
  A goblin zombie (D:8)
  4 hobgoblin zombies (Ossuary)
  A jackal skeleton (D:5)
  18 kobolds
  4 kobold zombies
  7 orc zombies (Ossuary)
258 creatures vanquished.

Vanquished Creatures (others)
  A fungus (Lair:2)
1 creature vanquished.

Grand Total: 259 creatures vanquished

Notes
Turn   | Place    | Note
-------+----------+-------------------------------------------
     0 | D:1      | Ordine the Spriggan Enchanter began the quest for the Orb.
     0 | D:1      | Reached XP level 1. HP: 9/9 MP: 5/5
   429 | D:1      | Reached XP level 2. HP: 13/13 MP: 6/6
   433 | D:1      | Learned a level 2 spell: Ensorcelled Hibernation
   453 | D:1      | Found a snail-covered altar of Cheibriados.
   651 | D:2      | Found an ancient bone altar of Kikubaaqudgha.
   658 | D:2      | Became a worshipper of Kikubaaqudgha
   756 | D:2      | Found a runed door.
   760 | D:2      | Noticed Crazy Yiuf
   790 | D:2      | Killed Crazy Yiuf
   790 | D:2      | Reached skill level 5 in Stealth
   790 | D:2      | Reached XP level 3. HP: 6/16 MP: 0/8
   884 | D:2      | Reached XP level 4. HP: 14/21 MP: 2/9
  1062 | D:2      | Noticed Terence
  1065 | D:2      | Killed Terence
  1065 | D:2      | Reached skill level 6 in Stealth
  1172 | D:2      | Found a hazy altar of Hepliaklqana.
  1431 | D:2      | Noticed Robin
  1459 | D:2      | Killed Robin
  1459 | D:2      | Reached XP level 5. HP: 16/24 MP: 0/10
  1504 | D:2      | Reached * piety under Kikubaaqudgha
  1504 | D:2      | Identified Kikubaaqudgha's Grimoire of Stolen Souls (Kikubaaqudgha gifted it to you on level 2 of the Dungeon)
  1504 | D:2      | Received a gift from Kikubaaqudgha
  1587 | D:2      | Learned a level 2 spell: Sublimation of Blood
  1911 | D:3      | Reached skill level 1 in Necromancy
  1964 | D:3      | Noticed an ogre
  1966 | D:3      | Killed an ogre
  1966 | D:3      | Reached skill level 5 in Short Blades
  1966 | D:3      | Reached skill level 7 in Stealth
  1966 | D:3      | Reached XP level 6. HP: 28/28 MP: 11/11
  2074 | D:3      | Found a white marble altar of Elyvilon.
  2267 | D:3      | Found a burning altar of Makhleb.
  2560 | D:3      | Found a shimmering altar of Xom.
  2605 | D:3      | Found an ornate altar of the Wu Jian Council.
  2769 | D:4      | Found an opulent altar of Gozag.
  2775 | D:4      | Reached skill level 8 in Stealth
  2775 | D:4      | Reached XP level 7. HP: 32/32 MP: 12/12
  2804 | D:4      | Noticed Menkaure
  2810 | D:4      | Learned a level 3 spell: Confuse
  2919 | D:4      | Killed Menkaure
  2949 | D:4      | Found a basalt altar of Yredelemnul.
  2980 | D:3      | Reached ** piety under Kikubaaqudgha
  2982 | D:3      | HP: 1/32 [orc priest/short sword (6)]
  3353 | D:4      | Reached skill level 5 in Spellcasting
  3516 | D:4      | Reached skill level 5 in Hexes
  3516 | D:4      | Reached XP level 8. HP: 22/36 MP: 11/17
  3567 | D:4      | Noticed Jessica
  3581 | D:4      | Killed Jessica
  3584 | D:4      | Found a deep blue altar of Sif Muna.
  3687 | D:4      | Noticed hexaflexagon's ghost (weakling TeMo)
  3719 | D:4      | Killed hexaflexagon's ghost
  3742 | D:4      | Found a staircase to the Ecumenical Temple.
  3768 | Temple   | Entered the Ecumenical Temple
  4094 | D:5      | Entered Level 5 of the Dungeon
  4114 | D:5      | Found an iron altar of Okawaru.
  4659 | D:5      | Reached *** piety under Kikubaaqudgha
  4659 | D:5      | Identified Kikubaaqudgha's Collected Works on Unholy Magic (Kikubaaqudgha gifted it to you on level 5 of the Dungeon)
  4659 | D:5      | Received a gift from Kikubaaqudgha
  5288 | D:6      | Reached skill level 5 in Necromancy
  5288 | D:6      | Reached XP level 9. HP: 39/39 MP: 22/22
  5788 | D:6      | Found a shattered altar of Ashenzari.
  6147 | D:6      | Found a radiant altar of Vehumet.
  6757 | D:7      | Reached **** piety under Kikubaaqudgha
  6837 | D:7      | Found a glowing silver altar of Zin.
  6957 | D:7      | Reached skill level 1 in Fighting
  7315 | D:8      | Found a sand-covered staircase.
  7322 | Ossuary  | Entered an ossuary
  7463 | Ossuary  | Reached skill level 5 in Dodging
  7598 | Ossuary  | Reached ***** piety under Kikubaaqudgha
  7612 | Ossuary  | Got a steaming rapier
  7634 | Ossuary  | Identified the +11 rapier "Wunofr Myal" {pierce, rElec rF+++ Int-3 Dex+2} (You found it in an ossuary)
  7668 | D:8      | Found a stormy altar of Qazlal.
  7668 | D:8      | Found a burning altar of Makhleb.
  7835 | D:8      | Reached XP level 10. HP: 49/49 MP: 24/24
  8173 | D:8      | Noticed Erica
  8191 | D:8      | Killed Erica
  8535 | D:9      | Got an encrusted rapier
  8539 | D:9      | Identified the +4 rapier "Dociajy" {pierce, MR+} (You found it on level 9 of the Dungeon)
  8827 | D:9      | Identified a scroll of acquirement
  8980 | D:9      | Found a staircase to the Lair.
  9055 | D:9      | Found a deep blue altar of Sif Muna.
  9282 | Lair:1   | Entered Level 1 of the Lair of Beasts
  9430 | Lair:1   | Noticed Sonja
  9437 | Lair:1   | Killed Sonja
  9437 | Lair:1   | Reached skill level 9 in Stealth
  9441 | Lair:1   | Noticed a spiny frog
  9459 | Lair:1   | Killed a spiny frog
  9465 | Lair:1   | Noticed a spiny frog
  9472 | Lair:1   | Killed a spiny frog
  9541 | Lair:1   | Reached XP level 11. HP: 52/52 MP: 18/25
  9555 | Lair:1   | Reached skill level 10 in Stealth
 10091 | Lair:2   | Reached skill level 11 in Stealth
 10491 | Lair:2   | Reached skill level 12 in Stealth
 10852 | Lair:2   | Noticed a four-headed hydra
 10873 | Lair:1   | HP: 2/52 [four-headed hydra (2)]
 10873 | Lair:1   | Slain by a four-headed hydra

Vault maps used:
D:1:      eino_arrival_cavern_e, cheibriados_altar_1
D:2:      nicolae_overflow_crystal_walls, nicolae_overflow_hidden_temple,
          first_bread, uniq_robin, uniq_crazy_yiuf_cottage, uniq_terence
D:3:      elyvilon_altar_4, overflow_temple_1_default,
          overflow_temple_1_default, bloody_makhleb
D:4:      tgw_sif, yredelemnul_altar_generic, overflow_temple_1_default,
          minmay_temple_entry_grid, uniq_menkaure
D:5:      basic_altar
D:6:      kennysheep_mini, evilmike_ruin_ashenzari
D:7:      zin_statuary, grunt_livestock, kennysheep_generic_room_5
D:8:      gammafunk_temple_overflow_elements, nicolae_ossuary_entry_giza,
          minmay_misc_feat_hallway, corexii_leaking_fountain, uniq_erica
D:9:      lair_entry_dummy, kennysheep_flooded_box
Temple:   nicolae_temple_figure_zero
Lair:1:   grunt_megastairs_4, uniq_sonja
Lair:2:   minmay_swamp_entry_reptiles
Ossuary:  ossuary_tomb_2

Skill      XL: |  1  2  3  4  5  6  7  8  9 10 11 |
---------------+----------------------------------+-----
Short Blades   | 2 3 4 5 7 8 |  8.0
Stealth        | 5 6 7 8 9 12 | 12.0
Necromancy     | 1 2 3 5 6 8 9 |  9.3
Spellcasting   | 3 5 8 9 |  9.0
Hexes          | 5 6 8 |  8.0
Fighting       | 3 |  3.5
Dodging        | 5 8 |  8.0

Action                   |  1- 3 |  4- 6 |  7- 9 | 10-12 || total
-------------------------+-------+-------+-------+-------++-------
Melee: Dagger            |    38 |   124 |   441 |       ||   603
       Rapier            |       |       |     6 |   117 ||   123
 Cast: Ensorcelled Hiber |    10 |    24 |   101 |    49 ||   184
       Corona            |     1 |       |     3 |     2 ||     6
       Confuse           |       |       |    33 |    11 ||    44
       Sublimation of Bl |       |       |     1 |       ||     1
  Use: Scroll            |       |     8 |    11 |     9 ||    28
       Potion            |       |     1 |     5 |     1 ||     7
 Stab: Sleeping          |    11 |    29 |    62 |    42 ||   144
       Confused          |       |       |    20 |     6 ||    26
       Distracted        |       |       |     1 |     1 ||     2
  Eat: Fruit             |       |     2 |     4 |       ||     6
       Bread ration      |       |       |     1 |       ||     1
Armor: Robe              |     4 |    15 |    56 |     6 ||    81
Dodge: Dodged            |    34 |    85 |   342 |    97 ||   558
